 Dungeon Crawl Stone Soup version 0.20.1-1-g8b1a95d (webtiles) character file.

33 potam12345 the Conjurer (level 3, 0/26 HPs)
             Began as a Demigod Conjurer on July 9, 2017.
             Slain by an adder (1 damage)
             ... on level 2 of the Dungeon.
             The game lasted 00:11:41 (1212 turns).

potam12345 the Conjurer (Demigod Conjurer)          Turns: 1212, Time: 00:11:41

Health: 0/26       AC:  5    Str: 11    XL:     3   Next: 0%
Magic:  7/8        EV: 11    Int: 21    God:
Gold:   103        SH:  0    Dex: 21    Spells: 5/6 levels left

rFire    . . .     SeeInvis .   f - +0 club
rCold    . . .     Gourm    .   (no shield)
rNeg     . . .     Faith    .   p - +0 ring mail
rPois    .         Spirit   .   (no helmet)
rElec    .         Reflect  .   (no cloak)
rCorr    .         Harm     .   (no gloves)
MR       .....                  (no boots)
Stlth    ++........             (no amulet)
Regen    0.1/turn               o - +5 ring of dexterity
MPRegen  0.2/turn               (no ring)

@: lethally poisoned (0 -> -13), about to teleport
A: high mp 1
a: no special abilities


You were on level 2 of the Dungeon.
You were not hungry.

You visited 1 branch of the dungeon, and saw 2 of its levels.

You collected 103 gold pieces.

Inventory:

Hand Weapons
 f - a +0 club (weapon)
Armour
 a - a +0 robe
 p - a +0 ring mail (worn)
Jewellery
 o - a +5 ring of dexterity (left hand)
Scrolls
 k - 2 scrolls of teleportation
 m - a scroll of identify {unknown}
 n - a scroll of fog {unknown}
Potions
 d - a potion of lignification {unknown}
 e - 4 potions of might {unknown}
 g - a potion of berserk rage {unknown}
Books
 b - a book of Conjurations

   Spells                             Type                      Level
   a - Magic Dart                     Conjuration                  1
   b - Searing Ray                    Conjuration                  2
   c - Dazzling Spray                 Conjuration/Hexes            3
   d - Fulminant Prism                Conjuration/Hexes            4
   e - Force Lance                    Conjuration/Translocation    4
   f - Iskenderun's Mystic Blast      Conjuration                  4
Comestibles
 c - a bread ration
 h - 3 fruits
 i - 2 chunks of flesh


   Skills:
 + Level 0.1 Fighting
 + Level 1.7 Dodging
 + Level 2.1 Stealth
 + Level 2.0 Spellcasting
 + Level 4.2 Conjurations


You had 5 spell levels left.
You knew the following spells:

 Your Spells              Type           Power        Failure   Level  Hunger
a - Magic Dart            Conj           ###.         6%          1    #......


Dungeon Overview and Level Annotations

Branches:
Dungeon (2/15)


Innate Abilities, Weirdness & Mutations

You have an increased reservoir of magic. (+10% MP)


Message History

Aiming: Magic Dart
Press: ? - help, Shift-Dir - straight line, f/p - adder
Aim: an adder (severely wounded)
The magic dart hits the adder.
The adder is severely wounded.
* * * LOW HITPOINT WARNING * * *
You feel sick. The adder bites you.
* * * LOW HITPOINT WARNING * * *
You are more poisoned.
The adder poisons you! The adder closely misses you.
As you read the scroll labeled MITYEFO PADA, it crumbles to dust.
It is a scroll of recharging.
You aren't carrying any rechargeable items.
* * * LOW HITPOINT WARNING * * *
You feel sick. The adder closely misses you.
As you read the scroll labeled OXA BAILIQA, it crumbles to dust.
You feel strangely unstable.
It was a scroll of teleportation.
* * * LOW HITPOINT WARNING * * *
You feel sick. The adder bites you.
You die...

##### ##...# ##....#####
#.._.@S...# #....###.## #.#.##
#.# ********* #...# #.#
*,,,,,,,* #.### #.# *,*****,*
#.# #.# #### *,* *,* #.#
#.#*##### #...
*,***##.###.######.##....####...
*,,,............................


You could see an adder.

Vanquished Creatures
  An ooze (D:2)
  A dart slug (D:1)
  A leopard gecko (D:1)
  A giant cockroach (D:1)
  5 goblins
  4 hobgoblins
  5 bats (D:1)
  A frilled lizard (D:1)
  4 kobolds
  2 rats (D:1)
25 creatures vanquished.

Notes
Turn   | Place    | Note
-------+----------+-------------------------------------------
     0 | D:1      | potam12345 the Demigod Conjurer began the quest for the Orb.
     0 | D:1      | Reached XP level 1. HP: 14/14 MP: 5/5
   305 | D:1      | Reached skill level 4 in Conjurations
   305 | D:1      | Reached XP level 2. HP: 17/20 MP: 0/7
  1174 | D:2      | Reached XP level 3. HP: 26/26 MP: 6/8
  1194 | D:2      | Found a snail-covered altar of Cheibriados.
  1212 | D:2      | HP: 1/26 [poisoned by an adder]
  1212 | D:2      | Slain by an adder

Skill      XL: |  1  2 |
---------------+-------+-----
Conjurations   | 4 |  4.2
Spellcasting   | 2 |  2.0
Stealth        | 2 |  2.1
Fighting       | |  0.1
Dodging        | |  1.7

Action                   || total
-------------------------++-------
Melee: Unarmed           ||    16
       Club              ||    30
 Cast: Magic Dart        ||    30
  Use: Scroll            ||     3
  Eat: Royal jelly       ||     1
Armor: Robe              ||    12
       Ring mail         ||     5
Dodge: Dodged            ||    39
